 Dungeon Crawl Stone Soup version 0.32-a0-22-g6ae6769602 (webtiles) character file.

Game seed: 6567224521891127919

24 case the Grasshopper (level 3, 0/27 HPs)
             Began as a Human Warper on Jan 18, 2024.
             Succumbed to an adder's poison
             ... on level 2 of the Dungeon.
             The game lasted 00:02:29 (1094 turns).

case the Grasshopper (Human Warper)                 Turns: 1094, Time: 00:02:29

Health: 0/27       AC:  3    Str: 13    XL:     3   Next: 2%
Magic:  6/6        EV: 11    Int: 13    God:
Gold:   89         SH:  0    Dex: 12    Spells: 4/6 levels left

rFire   . . .        a - +0 falchion
rCold   . . .        (no shield)
rNeg    + . .        b - +0 leather armour
rPois   .            (no helmet)
rElec   .            (no cloak)
rCorr   .            (no gloves)
SInv    .            (no boots)
Will    .....        (no amulet)
Stlth   +            j - ring of positive energy
HPRegen 0.24/turn    (no ring)
MPRegen 0.10/turn

%: no passive effects
@: lethally poisoned (0 -> -2)
A: explore regen
a: no special abilities


You were on level 2 of the Dungeon.
You visited 1 branch of the dungeon, and saw 2 of its levels.

You collected 89 gold pieces.

Inventory:

Hand Weapons
 a - a +0 falchion (weapon)
Missiles
 d - 7 darts of dispersal (quivered)
 f - 6 poisoned darts
Armour
 b - a +0 leather armour (worn)
Jewellery
 j - a ring of positive energy (left hand)
 m - the ring of Fedhas's Reproof {Fly rF+ Slay+3}
   (You found it on level 2 of the Dungeon)

   [ring of protection from fire]

   Slay+3:    It affects your accuracy & damage with ranged weapons and melee
   (+3).
   rF+:       It protects you from fire.
   Fly:       It grants you flight.
Scrolls
 c - a scroll of blinking
 e - a scroll of revelation {unknown}
 g - a scroll of fog {unknown}
 h - a scroll of teleportation {unknown}
 i - a scroll of poison {unknown}
Potions
 k - a potion of might {unknown}
 l - a potion of brilliance {unknown}
 n - a potion of degeneration {unknown}


   Skills:
 - Level 2.0 Fighting
 * Level 2.7 Long Blades
 - Level 1.0 Throwing
 - Level 1.0 Armour
 - Level 2.0 Dodging
 - Level 2.0 Spellcasting
 * Level 3.5 Translocations


You had 4 spell levels left.
You knew the following spells:

 Your Spells              Type           Power      Damage    Failure   Level
a - Blink                 Tloc           20%        N/A       11%         2

Your spell library contained the following spells:

 Spells                   Type           Power      Damage    Failure   Level
 Lesser Beckoning         Tloc           20%        N/A       11%         2
 Teleport Other           Tloc           10%        N/A       22%         3
 Volatile Blastmotes      Fire/Tloc      10%        2d10      43%         3
 Manifold Assault         Tloc           10%        N/A       58%         4
 Iskenderun's Mystic Bla  Conj/Tloc      5%         2d3       83%         4
 Vhi's Electric Charge    Tloc/Air       10%        N/A       83%         4
 Fulminant Prism          Conj/Alch      0%         3d5       97%         4


Dungeon Overview and Level Annotations

Branches:
Dungeon (2/15)

Altars:

Shops:
D:1 *


Innate Abilities, Weirdness & Mutations

You regain HP and MP as you explore.


Message History

You are too injured to fight recklessly!
The adder attacks as it pursues you! The adder bites you.
The adder bites you but does no damage.
You hit the adder but do no damage.
The adder is moderately wounded.
The adder barely misses you.
You barely miss the adder.
The adder is moderately wounded.
The adder closely misses you. The adder barely misses you.
You miss the adder.
The adder is moderately wounded.
The adder bites you but does no damage.
You miss the adder.
The adder is moderately wounded.
The adder closely misses you. The adder completely misses you.
You miss the adder.
The adder is moderately wounded.
The adder bites you.
You closely miss the adder.
The adder is lightly wounded.
The adder closely misses you. The adder bites you.
* * * LOW HITPOINT WARNING * * *
You barely miss the adder.
The adder is lightly wounded.
The adder bites you.
* * * LOW HITPOINT WARNING * * *
You are poisoned.
The adder poisons you!
You closely miss the adder.
The adder is lightly wounded.
* * * LOW HITPOINT WARNING * * *
You feel sick. The adder bites you but does no damage. The adder bites you.
* * * LOW HITPOINT WARNING * * *
You barely miss the adder.
The adder is lightly wounded.
* * * LOW HITPOINT WARNING * * *
You feel sick. The adder closely misses you.
You barely miss the adder.
The adder is lightly wounded.
You die...

###.#.....#
..
#.###...#
### #.#
#...# #.#
##### #.#
#.# #.# #.#
#@# #S# #w#
#......#
#......#
#........
#......###
#......#
#..?...#


You could see a ribbon worm and an adder.

Vanquished Creatures
  A bat (D:2)
  3 endoplasms (D:1)
  A giant cockroach (D:1)
  A goblin (D:1)
  4 hobgoblins (D:1)
  5 kobolds (D:1)
  A quokka (D:1)
  2 ball pythons
  2 frilled lizards
  A rat (D:1)
21 creatures vanquished.

Notes
Turn   | Place    | Note
-------+----------+-------------------------------------------
     0 | D:1      | case the Human Warper began the quest for the Orb.
     0 | D:1      | Reached XP level 1. HP: 16/16 MP: 3/3
    68 | D:1      | Reached XP level 2. HP: 21/22 MP: 5/5
    71 | D:1      | Learned a level 2 spell: Blink
   310 | D:1      | Found Poruith's General Store.
  1036 | D:2      | Identified the ring of Fedhas's Reproof {Fly rF+ Slay+3}
  1052 | D:2      | Reached XP level 3. HP: 27/27 MP: 6/6
  1093 | D:2      | HP: 1/27 [poisoned by an adder]
  1094 | D:2      | Succumbed to an adder's poison

Illustrated notes

Levels and vault maps discovered:
D:1:      evilmike_arrival_plus, layout_basic, serial_rivers,
          chequers_serial_rivers_micro_b, chequers_serial_rivers_small_a,
          chequers_serial_rivers_micro_c, chequers_serial_rivers_room_a,
          chequers_serial_rivers_marsh, serial_shops,
          nicolae_shop_getting_attention, chequers_serial_rivers_micro_c
D:2:      layout_basic

Action                     || total
---------------------------++-------
  Melee: Falchion          ||    88
         Punch             ||     2
 Armour: Leather armour    ||    54
  Dodge: Dodged            ||    61

Table legend: (Time is in decaauts)
 A = Elapsed time spent in this place.
 B = Non-inter-level travel time spent in this place.
 C = Inter-level travel time spent in this place.
 D = Time resting spent in this place.
 E = Time spent auto-exploring this place.
 F = Levels seen in this place.
 G = Mean time per level.
                   A        B        C        D        E       F      G
               +--------+--------+--------+--------+--------+-----+--------+
         Total |   1112 |   1020 |     92 |      0 |    774 |   2 |  556.0 |
       Dungeon |   1112 |   1020 |     92 |      0 |    774 |   2 |  556.0 |
               +--------+--------+--------+--------+--------+-----+--------+

Top non-repeatable levels by time:
     D:1: 1012 daAuts
     D:2: 99 daAuts
